 Dungeon Crawl Stone Soup version 0.28-b1-25-g9875b3fc8c (webtiles) character file.

Game seed: 13354902558400457557

24037 cayde69 the Blocker (level 13, -3/93 HPs)
             Began as a Gnoll Fighter on Feb 1, 2022.
             Was a High Priest of Hepliaklqana.
             Slain by an orc warlord (15 damage)
             ... on level 1 of the Orcish Mines.
             The game lasted 01:28:27 (19538 turns).

cayde69 the Blocker (Gnoll Fighter)                Turns: 19538, Time: 01:28:28

Health: -3/93      AC: 28    Str: 20    XL:     13   Next: 10%
Magic:  0/25       EV: 13    Int:  8    God:    Hepliaklqana [*****.]
Gold:   701        SH:  0    Dex: 14    Spells: 25/28 levels left

rFire   + . .      SeeInvis .   y - +8 quarterstaff "Gedusonk" {vorpal, rF+ rCorr Dex+2}
rCold   + + .      Faith    .   (shield currently unavailable)
rNeg    . . .      Spirit   +   R - +9 plate armour of Intuition {+Blink rF- Will+ Regen+}
rPois   +          Reflect  .   D - +1 helmet of Privacy {*Slow rC+ Will+ rCorr}
rElec   .          Harm     .   U - scarf {rC+ rF+}
rCorr   +          Rampage  .   d - +1 pair of gloves
Will    ++...                   (no boots)
Stlth   ..........              n - amulet of guardian spirit
HPRegen 1.05/turn               r - +4 ring of evasion
MPRegen 0.19/turn               P - ring of poison resistance

@: no status effects
A: reduced essence, fangs 1, strong nose, distributed training
a: Renounce Religion, Evoke Blink, Recall Ancestor, Ancestor Identity,
Transference, Idealise


You were on level 1 of the Orcish Mines.
You worshipped Hepliaklqana.
Hepliaklqana was extremely pleased with you.
You visited 5 branches of the dungeon, and saw 18 of its levels.

You collected 1289 gold pieces.
You spent 588 gold pieces at shops.

Inventory:

Hand Weapons
 c - a +0 shortbow
 f - a +2 shortbow of flaming
 s - a +1 triple sword
 y - the +8 quarterstaff "Gedusonk" (weapon) {vorpal, rF+ rCorr Dex+2}
   (You found it on level 7 of the Dungeon)

   It inflicts extra damage upon your enemies.
   Dex:       It affects your dexterity (+2).
   rF:        It protects you from fire.
   rCorr:     It protects you from acid and corrosion.
 N - a +2 vorpal longbow
Missiles
 m - 261 arrows
 u - a throwing net (quivered)
Armour
 d - a +1 pair of gloves (worn)
 l - the +1 cloak of the Lychee {rElec Will+++ Str-3 Int-3}
   (You found it on level 12 of the Dungeon)

   Str:       It affects your strength (-3).
   Int:       It affects your intelligence (-3).
   rElec:     It insulates you from electricity.
   Will:      It greatly increases your willpower.
 p - the +4 ring mail of Boer Kiu {rF+ Slay+2}
   (You found it on level 2 of the Dungeon)

   Slay:      It affects your accuracy & damage with ranged weapons and melee
   (+2).
   rF:        It protects you from fire.
 D - the +1 helmet of Privacy (worn) {*Slow rC+ Will+ rCorr}
   (You found it on level 9 of the Dungeon)

   rC:        It protects you from cold.
   rCorr:     It protects you from acid and corrosion.
   *Slow:     It may slow you when you take damage.
   Will:      It increases your willpower.
 R - the +9 plate armour of Intuition (worn) {+Blink rF- Will+ Regen+}
   (You bought it in a shop on level 6 of the Dungeon)

   rF:        It makes you vulnerable to fire.
   +Blink:    It lets you blink.
   Regen:     It increases your rate of health regeneration.
   Will:      It increases your willpower.
 U - a scarf of resistance (worn)
Jewellery
 n - an amulet of guardian spirit (around neck)
 r - a +4 ring of evasion (left hand)
 v - a ring of willpower
 F - an amulet of the acrobat
 P - a ring of poison resistance (right hand)
Wands
 a - a wand of flame (16)
 b - a wand of acid (6)
 x - a wand of polymorph (8)
 K - a wand of mindburst (16)
 T - a wand of iceblast (6)
Scrolls
 e - a scroll of holy word
 h - 2 scrolls of fear
 i - 2 scrolls of silence
 A - 2 scrolls of fog
 B - a scroll of summoning {unknown}
 C - 2 scrolls of magic mapping
 G - 3 scrolls of enchant weapon
 I - a scroll of enchant armour
 J - 2 scrolls of amnesia {unknown}
Potions
 j - 2 potions of attraction {unknown}
 o - 2 potions of ambrosia {unknown}
 q - a potion of mutation {unknown}
 t - 2 potions of lignification
 w - 5 potions of berserk rage {unknown}
 z - 2 potions of brilliance {unknown}
 E - a potion of resistance {unknown}
 H - 2 potions of cancellation {unknown}
 L - 2 potions of invisibility
 M - a potion of heal wounds {unknown}
 O - a potion of haste {unknown}
 S - a potion of magic {unknown}


   Skills:
 + Level 10.3 Fighting
 + Level 8.0 Short Blades
 + Level 9.2 Long Blades
 + Level 8.0 Axes
 + Level 8.0 Maces & Flails
 + Level 8.0 Polearms
 + Level 8.0 Staves
 + Level 8.0 Slings
 + Level 8.0 Bows
 + Level 8.0 Crossbows
 + Level 8.0 Throwing
 + Level 10.3 Armour
 + Level 8.0 Dodging
 + Level 8.0 Stealth
 + Level 10.3 Shields
 + Level 8.0 Unarmed Combat
 + Level 8.0 Spellcasting
 + Level 6.6 Conjurations
 + Level 6.6 Hexes
 + Level 6.6 Summonings
 + Level 6.6 Necromancy
 + Level 6.6 Translocations
 + Level 6.6 Transmutations
 + Level 6.6 Fire Magic
 + Level 6.6 Ice Magic
 + Level 6.6 Air Magic
 + Level 6.6 Earth Magic
 + Level 6.6 Poison Magic
 + Level 8.7 Invocations
 + Level 8.0 Evocations


You had 25 spell levels left.
You knew the following spells:

 Your Spells              Type           Power      Damage    Failure   Level
a - Magic Dart            Conj           52%        1d5       22%         1
b - Wereblood             Tmut           13%        N/A       32%         2

Your spell library contained the following spells:

 Spells                   Type           Power      Damage    Failure   Level
 Animate Skeleton         Necr           26%        N/A       22%         1
 Apportation              Tloc           26%        N/A       22%         1
 Beastly Appendage        Tmut           26%        N/A       22%         1
 Pain                     Necr           52%        1d6       22%         1
 Dazzling Flash           Conj/Hex       26%        N/A       54%         3
 Frozen Ramparts          Ice            26%        1d4       54%         3
 Ozocubu's Armour         Ice            13%        N/A       54%         3
 Spider Form              Tmut/Pois      13%        N/A       54%         3
 Vampiric Draining        Necr           13%        2d6       54%         3
 Flame Wave               Conj/Fire      13%        2d6       91%         4
 Ice Form                 Ice/Tmut       13%        N/A       91%         4
 Petrify                  Tmut/Erth      13%        N/A       91%         4
 Summon Ice Beast         Ice/Summ       13%        N/A       91%         4
 Summon Lightning Spire   Summ/Air       13%        N/A       91%         4
 Agony                    Necr           13%        N/A       99%         5
 Alistair's Intoxication  Tmut/Pois      8%         N/A       99%         5
 Excruciating Wounds      Necr           6%         N/A       99%         5
 Metabolic Englaciation   Hex/Ice        6%         N/A       99%         5
 Silence                  Hex/Air        6%         N/A       99%         5
 Iron Shot                Conj/Erth      6%         9d2       100%        6
 Simulacrum               Ice/Necr       6%         N/A       100%        6
 Storm Form               Tmut/Air       6%         N/A       100%        7
 Lehudib's Crystal Spear  Conj/Erth      6%         10d3      100%        8
 Maxwell's Capacitive Co  Air            6%         ∞         100%        8
 Shatter                  Erth           6%         3d9*      100%        9


Dungeon Overview and Level Annotations

Branches:
Dungeon (12/15)            Temple (1/1) D:6            Lair (2/6) D:11
    Orc (2/2) D:12            Elf (1/3) Orc:2
  Swamp: Lair:2-4    Shoals: Lair:2-4     Snake: Lair:2-4    Spider: Lair:2-4

Altars:
Ashenzari
Cheibriados
Dithmenos
Elyvilon
Fedhas
Gozag
Hepliaklqana
Kikubaaqudgha
Makhleb
Nemelex Xobeh
Okawaru
Qazlal
Ru
Sif Muna
Trog
Uskayaw
Vehumet
Wu Jian
Xom
Yredelemnul
Zin
The Shining One
Beogh

Shops:
D:6 =[[=   D:12 :   Orc:1 [

Portals:
Trove: D:12 (give 6 scrolls of blinking)

Annotations:
Orc:1 2 transporters, Destinykillz's ghost, adept DsFi


Innate Abilities, Weirdness & Mutations

Your life essence is reduced to manifest your ancestor. (-10% HP)
You have very sharp teeth.
Your uncanny sense of smell can sniff out nearby items.
Your experience applies equally to all skills.


Message History

Joe Brrrrr casts a spell at the orc warrior.
Joe Brrrrr's attack snaps the orc warrior out of its fear.
The orc warrior resists with significant effort.
The orc warrior yells at you, "GO AWAY!"
Joe Brrrrr hits the orc warrior but does no damage.
The orc warrior hits Joe Brrrrr with a +0 flail!
Joe Brrrrr hits the orc warrior with a +0 dagger of draining.
Joe Brrrrr drains the orc warrior.
The orc warrior barely misses Joe Brrrrr.
Joe Brrrrr gestures at the orc warrior while chanting.
The orc warrior struggles to resist.
An orc high priest comes into view.
It is wielding a +2 short sword of venom.
The orc high priest shouts!
The orc warrior hits Joe Brrrrr with a +0 flail!
Joe Brrrrr hits the orc warrior with a +0 dagger of draining!
Joe Brrrrr drains the orc warrior.
The orc warrior dies!
Your Short Blades skill increases to level 8!
Your Axes skill increases to level 8!
Your Maces & Flails skill increases to level 8!
Your Polearms skill increases to level 8!
Your Staves skill increases to level 8!
Your Slings skill increases to level 8!
Your Bows skill increases to level 8!
Your Crossbows skill increases to level 8!
Your Throwing skill increases to level 8!
Your Dodging skill increases to level 8!
Your Stealth skill increases to level 8!
Your Unarmed Combat skill increases to level 8!
Your Spellcasting skill increases to level 8!
Your Evocations skill increases to level 8!
The orc high priest mumbles some strange prayers to Beogh against you.
Beogh smites you!
* * * LOW HITPOINT WARNING * * *
There is a stone staircase leading up here.
You climb upwards.
Level annotation: 2 transporters, Destinykillz's ghost, adept DsFi Reactivating autopickup.
The orc warlord barely misses you.
The orc warlord hits you with a +0 war axe!
You die...

#..#..#...................###....
#......#.........#.#..#....####..
##.#........#.......#####.## ##.
##.................#.##########.
##.#.##..............## ##.##..
##.##.#........∩.....#.###...#..
#.........#.............##.....)
##.##..........[R......##......)
##)###........@........##.#....
#...#...#.....o.......####...#.
##.#...#................###.#..
##...............#...#..........
#.......#.........#.#...#####...
##.##........##...###.###..$###.
##.##>.............# #.#...h...##
#..................###.#...#.#..#
#......#........#.###..#...#.#..#


You could see the friendly Joe Brrrrr the hexer and an orc warlord.

Vanquished Creatures
  A boulder beetle (D:11)
  5 two-headed ogres
  2 deep elf pyromancers
  A cyclops (D:12)
  An ugly thing (D:11)
  An orc sorcerer (Orc:1)
  2 elephants (Lair:2)
  A cane toad (shapeshifter) (D:11)
  A gargoyle (D:11)
  A cane toad (Lair:1)
  An unseen horror (D:11)
  A komodo dragon (Lair:2)
  2 trolls
  A shadow (D:11)
  A vampire (D:9)
  3 wraiths
  Eustachio (D:5)
  13 yaks
  2 wyverns
  A steam dragon (D:8)
  A warg (Orc:1)
  4 vampire mosquitoes
  Edmund (D:6)
  4 water moccasins
  An acid dragon (D:11)
  Duvessa (D:7)
  10 orc warriors
  A black bear (D:11)
  A sky beast (D:6)
  An ice beast (D:6)
  15 ogres
  11 centaurs
  A necrophage (D:5)
  A phantom (D:5)
  7 bullfrogs
  A scorpion (D:11)
  A water moccasin zombie (D:5)
  A water moccasin skeleton (D:5)
  Dowan (D:7)
  3 electric eels
  5 howler monkeys
  A bullfrog skeleton (D:7)
  4 hounds
  2 jellies
  A centaur skeleton (D:6)
  2 centaur zombies
  3 gnoll shamans
  13 orc priests
  4 iguanas
  9 orc wizards
  A hound skeleton (D:4)
  2 adders
  18 gnolls
  A howler monkey skeleton (D:7)
  2 white imps
  A dart slug (D:3)
  60 orcs
  2 bats (D:1)
  6 endoplasms
  3 giant cockroaches
  5 goblins
  7 hobgoblins
  2 quokkas (D:1)
  5 ball pythons
  2 frilled lizards
  7 kobolds
  5 rats
282 creatures vanquished.

Vanquished Creatures (collateral kills)
  An ogre mage (D:12)
  Nergalle (Lair:1)
  An orc knight (Orc:1)
  2 elephants (Lair:2)
  A black mamba (Lair:2)
  A cane toad (Lair:2)
  A tyrant leech (D:9)
  3 yaks
  A basilisk (D:8)
  A water moccasin (D:11)
  3 orc warriors
  2 ice beasts (D:5)
  2 centaurs
  A water moccasin zombie (D:6)
  An electric eel (D:6)
  2 orc priests
  2 bullfrog skeletons (D:5)
  An iguana (D:4)
  Ijyb (D:3)
  6 orc wizards
  A howler monkey skeleton (D:4)
  4 gnolls
  2 adders
  An ufetubus (D:6)
  A worm (D:3)
  19 orcs
  A hobgoblin (D:4)
  2 jackals (D:2)
  A kobold (D:4)
66 creatures vanquished.

Vanquished Creatures (others)
  A wizard (D:10)
  A yak (D:8)
  13 hexers
  An orc (D:12)
  A quokka (D:10)
  46 fungi
  39 plants
102 creatures vanquished.

Grand Total: 450 creatures vanquished

Notes
Turn   | Place    | Note
-------+----------+-------------------------------------------
     0 | D:1      | cayde69 the Gnoll Fighter began the quest for the Orb.
     0 | D:1      | Reached XP level 1. HP: 23/23 MP: 1/1
    97 | D:1      | Reached XP level 2. HP: 21/29 MP: 2/2
   667 | D:1      | Reached XP level 3. HP: 35/35 MP: 3/3
  1173 | D:1      | Found a faded altar of an unknown god.
  1217 | D:1      | Reached skill level 1 in Invocations
  1328 | D:1      | Prayed at the altar of an unknown god.
  1328 | D:1      | Became a worshipper of Hepliaklqana the Forgotten
  1328 | D:1      | Reached * piety under Hepliaklqana
  1552 | D:2      | Identified the +4 ring mail of Boer Kiu {rF+ Slay+2}
  2031 | D:3      | Found a snail-covered altar of Cheibriados.
  2064 | D:3      | Reached ** piety under Hepliaklqana
  2070 | D:3      | Remembered your ancestor Joe Brrrrr as a hexer
  2162 | D:3      | Found a hazy altar of Hepliaklqana.
  2195 | D:3      | Reached skill level 1 in Short Blades
  2195 | D:3      | Reached skill level 1 in Axes
  2195 | D:3      | Reached skill level 1 in Maces & Flails
  2195 | D:3      | Reached skill level 1 in Polearms
  2195 | D:3      | Reached skill level 1 in Staves
  2195 | D:3      | Reached skill level 1 in Slings
  2195 | D:3      | Reached skill level 1 in Bows
  2195 | D:3      | Reached skill level 1 in Crossbows
  2195 | D:3      | Reached skill level 1 in Throwing
  2195 | D:3      | Reached skill level 1 in Dodging
  2195 | D:3      | Reached skill level 1 in Stealth
  2195 | D:3      | Reached skill level 1 in Unarmed Combat
  2195 | D:3      | Reached skill level 1 in Spellcasting
  2195 | D:3      | Reached skill level 1 in Evocations
  2216 | D:3      | Reached XP level 4. HP: 36/36 MP: 5/5
  2476 | D:3      | Noticed Ijyb
  2481 | D:3      | Killed Ijyb
  2482 | D:3      | Reached skill level 1 in Conjurations
  2482 | D:3      | Reached skill level 1 in Hexes
  2482 | D:3      | Reached skill level 1 in Summonings
  2482 | D:3      | Reached skill level 1 in Necromancy
  2482 | D:3      | Reached skill level 1 in Translocations
  2482 | D:3      | Reached skill level 1 in Transmutations
  2482 | D:3      | Reached skill level 1 in Fire Magic
  2482 | D:3      | Reached skill level 1 in Ice Magic
  2482 | D:3      | Reached skill level 1 in Air Magic
  2482 | D:3      | Reached skill level 1 in Earth Magic
  2482 | D:3      | Reached skill level 1 in Poison Magic
  2786 | D:4      | Reached XP level 5. HP: 40/42 MP: 5/7
  2938 | D:4      | Noticed a centaur
  2944 | D:4      | Killed a centaur
  2945 | D:4      | Reached XP level 6. HP: 46/47 MP: 6/8
  3202 | D:4      | Reached skill level 5 in Long Blades
  3785 | D:5      | Entered Level 5 of the Dungeon
  3795 | D:5      | Reached XP level 7. HP: 46/53 MP: 8/10
  4128 | D:5      | Reached XP level 8. HP: 60/60 MP: 10/12
  4452 | D:5      | Noticed Eustachio
  4954 | D:5      | Killed Eustachio
  5249 | D:6      | Found a transporter.
  5255 | D:6      | Noticed a kobold demonologist
  5256 | D:6      | Noticed a kobold demonologist
  5607 | D:6      | Reached XP level 9. HP: 63/64 MP: 14/14
  5617 | D:6      | Noticed Edmund
  5623 | D:6      | Killed Edmund
  5967 | D:6      | Found a transporter.
  5974 | D:6      | Reached *** piety under Hepliaklqana
  6133 | D:6      | Found Refoit Peho's Antique Armour Boutique.
  6135 | D:6      | Found Qyaczuic's Jewellery Emporium.
  6136 | D:6      | Found Esoxuduziss's Antique Armour Emporium.
  6136 | D:6      | Found Ugreroof's Jewellery Boutique.
  6491 | D:6      | Found a staircase to the Ecumenical Temple.
  6500 | Temple   | Entered the Ecumenical Temple
  6875 | D:6      | Found a blossoming altar of Fedhas.
  7281 | D:7      | Noticed Dowan
  7283 | D:7      | Noticed Duvessa
  7294 | D:7      | Killed Duvessa
  7329 | D:7      | Killed Dowan
  7528 | D:7      | Reached skill level 5 in Invocations
  7949 | D:7      | Identified the +8 quarterstaff "Gedusonk" {vorpal, rF+
                  | rCorr Dex+2}
  8450 | D:8      | Noticed a two-headed ogre
  8498 | D:8      | Reached XP level 10. HP: 32/72 MP: 12/17
  8942 | D:8      | Killed a two-headed ogre
  8943 | D:8      | Reached skill level 5 in Short Blades
  8943 | D:8      | Reached skill level 5 in Axes
  8943 | D:8      | Reached skill level 5 in Maces & Flails
  8943 | D:8      | Reached skill level 5 in Polearms
  8943 | D:8      | Reached skill level 5 in Staves
  8943 | D:8      | Reached skill level 5 in Slings
  8943 | D:8      | Reached skill level 5 in Bows
  8943 | D:8      | Reached skill level 5 in Crossbows
  8943 | D:8      | Reached skill level 5 in Throwing
  8943 | D:8      | Reached skill level 5 in Dodging
  8943 | D:8      | Reached skill level 5 in Stealth
  8943 | D:8      | Reached skill level 5 in Unarmed Combat
  8943 | D:8      | Reached skill level 5 in Spellcasting
  8943 | D:8      | Reached skill level 5 in Evocations
  9657 | D:9      | Reached **** piety under Hepliaklqana
  9683 | D:9      | Identified the +1 helmet of Privacy {*Slow rC+ Will+ rCorr}
  9881 | D:9      | Noticed a two-headed ogre
  9883 | D:9      | a two-headed ogre changed into a tyrant leech
 10386 | D:9      | Reached XP level 11. HP: 69/78 MP: 16/19
 10489 | D:10     | Entered Level 10 of the Dungeon
 10690 | D:10     | Found a white marble altar of Elyvilon.
 10916 | D:10     | Noticed a two-headed ogre
 10924 | D:10     | Killed a two-headed ogre
 10925 | D:10     | Reached skill level 5 in Conjurations
 10925 | D:10     | Reached skill level 5 in Hexes
 10925 | D:10     | Reached skill level 5 in Summonings
 10925 | D:10     | Reached skill level 5 in Necromancy
 10925 | D:10     | Reached skill level 5 in Translocations
 10925 | D:10     | Reached skill level 5 in Transmutations
 10925 | D:10     | Reached skill level 5 in Fire Magic
 10925 | D:10     | Reached skill level 5 in Ice Magic
 10925 | D:10     | Reached skill level 5 in Air Magic
 10925 | D:10     | Reached skill level 5 in Earth Magic
 10925 | D:10     | Reached skill level 5 in Poison Magic
 11282 | D:10     | Noticed a deep elf pyromancer
 11287 | D:10     | Killed a deep elf pyromancer
 11499 | D:10     | Got the Volume of Dhcmrlchtdj
 11512 | D:10     | Got the Catalogue of Plaster Cramp
 11517 | D:10     | Noticed a wizard
 11523 | D:10     | Killed a wizard
 11524 | D:10     | Noticed a deep elf pyromancer
 11540 | D:10     | Got the Incunabulum of Axaxaxas mlö
 11725 | D:11     | Found a staircase to the Lair.
 11855 | D:11     | Learned a level 1 spell: Magic Dart
 11858 | D:11     | Learned a level 2 spell: Wereblood
 11986 | D:11     | Noticed a boulder beetle
 12011 | D:11     | Killed a boulder beetle
 12179 | D:11     | Noticed a cyan ugly thing
 13370 | D:11     | Killed a cyan ugly thing
 13481 | Lair:1   | Entered Level 1 of the Lair of Beasts
 13697 | Lair:1   | Noticed Nergalle
 13788 | Lair:1   | Reached XP level 12. HP: 64/86 MP: 20/22
 13801 | Lair:1   | Killed Nergalle
 16098 | D:6      | Bought a brightly glowing plate armour for 588 gold pieces
 16098 | D:6      | Identified the +9 plate armour of Intuition {+Blink rF-
                  | Will+ Regen+} (You bought it in a shop on level 6 of the
                  | Dungeon)
 16788 | D:12     | Found Zezax's Self-Improvement Boutique.
 16827 | D:12     | Noticed a two-headed ogre
 16929 | D:11     | Killed a two-headed ogre
 16930 | D:11     | Reached skill level 10 in Fighting
 16930 | D:11     | Reached skill level 10 in Armour
 16930 | D:11     | Reached skill level 10 in Shields
 17046 | D:12     | Found a staircase to the Orcish Mines.
 17142 | D:12     | Reached ***** piety under Hepliaklqana
 17163 | D:12     | Found a portal to a secret trove of treasure.
 17208 | D:12     | Identified the +1 cloak of the Lychee {rElec Will+++ Str-3
                  | Int-3}
 17839 | Orc:1    | Entered Level 1 of the Orcish Mines
 17839 | Orc:1    | Noticed an ogre mage
 17839 | Orc:1    | Noticed a two-headed ogre
 17844 | D:12     | Killed an ogre mage
 17871 | D:12     | Killed a two-headed ogre
 18083 | Orc:1    | Found a transporter.
 18092 | Orc:1    | Noticed Destinykillz's ghost (adept DsFi)
 18094 | Orc:1    | Found Jeulymm's Armour Shop.
 18116 | Orc:1    | You fall into a shaft and drop 1 floor!
 18116 | Orc:2    | Entered Level 2 of the Orcish Mines
 18116 | Orc:2    | Found a staircase to the Elven Halls.
 18430 | Orc:2    | Noticed a two-headed ogre
 18440 | Orc:2    | Killed a two-headed ogre
 18508 | Elf:1    | Entered Level 1 of the Elven Halls
 18614 | Orc:1    | Reached XP level 13. HP: 92/92 MP: 24/24
 18806 | Orc:1    | Found a transporter.
 19349 | Orc:2    | Noticed an orc warlord
 19538 | Orc:1    | Slain by an orc warlord

Illustrated notes

Levels and vault maps discovered:
D:1:      dpeg_arrival_rhombus, layout_basic,
          shapermc_ecumenical_altar_mp_urbaneastern
D:2:      layout_rooms
D:3:      layout_loops_corners, mainiacjoe_overflow_catwalk,
          mainiacjoe_overflow_surrounded_room, uniq_ijyb
D:4:      layout_cave_pods
D:5:      layout_rooms, uniq_eustachio
D:6:      gammafunk_wand_slinger, layout_loops_ring,
          mainiacjoe_overflow_alcove_4, lemuel_temple_firewalk_b,
          nicolae_wooded_promenade, uniq_edmund
D:7:      layout_basic, nicolae_lava_and_water, uniq_duvessa
D:8:      layout_basic
D:9:      layout_roguey [special_room_orc]
D:10:     layout_basic, elyvilon_altar_4, minivault_23,
          bh_hangedman_babel_library
D:11:     layout_basic, due_lair_maze_entry_diamond,
          nicolae_concentric_dashed_squares_mild
D:12:     layout_basic, orc_0_dummy, nicolae_trove_entry_free_sample,
          nicolae_shop_self_help
Temple:   nicolae_temple_no_exploring_needed
Lair:1:   layout_cave_pods, serial_bayou_shore_a, infiniplex_staircase_pool_2,
          uniq_nergalle
Lair:2:   layout_regular_city
Orc:1:    layout_caves, serial_shops, shop_coins,
          gammafunk_ghost_berserking_beasts
Orc:2:    st_orc_congregation, layout_caves
Elf:1:    nicolae_elf_arrival_fired_up, layout_onion_city, serial_shops,
          bzr_entry_dummy, nicolae_danse_macabre

Skill      XL: |  1  2  3  4  5  6  7  8  9 10 11 12 13 |
---------------+----------------------------------------+-----
Invocations    | 1 2 3 4 5 6 7 8 |  8.7
Short Blades   | 1 2 3 4 5 6 7 8 |  8.0
Axes           | 1 2 3 4 5 6 7 8 |  8.0
Maces & Flails | 1 2 3 4 5 6 7 8 |  8.0
Polearms       | 1 2 3 4 5 6 7 8 |  8.0
Staves         | 1 2 3 4 5 6 7 8 |  8.0
Slings         | 1 2 3 4 5 6 7 8 |  8.0
Bows           | 1 2 3 4 5 6 7 8 |  8.0
Crossbows      | 1 2 3 4 5 6 7 8 |  8.0
Throwing       | 1 2 3 4 5 6 7 8 |  8.0
Dodging        | 1 2 3 4 5 6 7 8 |  8.0
Stealth        | 1 2 3 4 5 6 7 8 |  8.0
Unarmed Combat | 1 2 3 4 5 6 7 8 |  8.0
Spellcasting   | 1 2 3 4 5 6 7 8 |  8.0
Evocations     | 1 2 3 4 5 6 7 8 |  8.0
Conjurations   | 1 2 3 4 5 6 |  6.6
Hexes          | 1 2 3 4 5 6 |  6.6
Summonings     | 1 2 3 4 5 6 |  6.6
Necromancy     | 1 2 3 4 5 6 |  6.6
Translocations | 1 2 3 4 5 6 |  6.6
Transmutations | 1 2 3 4 5 6 |  6.6
Fire Magic     | 1 2 3 4 5 6 |  6.6
Ice Magic      | 1 2 3 4 5 6 |  6.6
Air Magic      | 1 2 3 4 5 6 |  6.6
Earth Magic    | 1 2 3 4 5 6 |  6.6
Poison Magic   | 1 2 3 4 5 6 |  6.6
Long Blades    | 5 6 7 8 9 |  9.2
Fighting       | 7 8 9 10 | 10.3
Armour         | 7 8 9 10 | 10.3
Shields        | 7 8 9 10 | 10.3

Action                   |  1- 3 |  4- 6 |  7- 9 | 10-12 | 13-15 || total
-------------------------+-------+-------+-------+-------+-------++-------
Melee: Long sword        |    87 |       |       |       |       ||    87
       Triple sword      |    11 |    54 |   166 |       |       ||   231
       Bite              |     6 |     5 |    30 |    77 |    11 ||   129
       Quarterstaff      |       |       |    27 |   548 |    93 ||   668
 Cast: Wereblood         |       |       |       |     6 |       ||     6
       Magic Dart        |       |       |       |    18 |     1 ||    19
Invok: Ancestor Identity |     2 |       |       |       |       ||     2
       Ancestor Life: He |     1 |       |       |       |       ||     1
       Recall Ancestor   |       |     1 |       |     4 |       ||     5
       Transference      |       |       |     1 |       |       ||     1
 Abil: Evoke Blink       |       |       |       |       |     2 ||     2
Evoke: Wand              |       |       |     4 |     5 |     1 ||    10
  Use: Scroll            |       |     9 |     8 |     6 |     5 ||    28
       Potion            |       |     1 |     2 |     5 |     1 ||     9
 Stab: Sleeping          |       |       |     5 |       |       ||     5
       Confused          |       |       |     3 |    11 |     1 ||    15
       Distracted        |       |       |     1 |     3 |     1 ||     5
Armor: Scale mail        |    43 |       |       |       |       ||    43
       Ring mail         |     4 |    24 |    99 |   157 |       ||   284
       Plate armour      |       |       |       |   165 |    89 ||   254
Dodge: Dodged            |    56 |    45 |   201 |   555 |    74 ||   931
Block: Buckler           |    33 |       |       |       |       ||    33
